 Dungeon Crawl Stone Soup version 0.29-a0-398-ge13fd1374b (webtiles) character file.

Game seed: 5829035774071626102

1592 hquester the Covert (level 8, -1/36 HPs)
             Began as a Spriggan Enchanter on May 11, 2022.
             Was a Believer of Sif Muna.
             Killed by divine providence
             ... invoked by an orc priest
              (12 damage)
             ... on level 6 of the Dungeon on May 12, 2022.
             The game lasted 01:13:29 (7497 turns).

hquester the Covert (Spriggan Enchanter)            Turns: 7497, Time: 01:13:30

Health: -1/36      AC:  3    Str:  6    XL:     8   Next: 61%
Magic:  19/19      EV: 18    Int: 29    God:    Sif Muna [**....]
Gold:   406        SH:  5    Dex: 15    Spells: 17/20 levels left

rFire   . . .      SeeInvis +   a - +1 dagger
rCold   . . .      Faith    .   o - +0 buckler
rNeg    . . .      Spirit   .   b - +0 robe
rPois   .          Reflect  .   (helmet restricted)
rElec   .          Harm     .   q - +0 cloak
rCorr   .          Rampage  .   (gloves unavailable)
Will    +....                   (boots unavailable)
Stlth   ++++......              i - amulet of regeneration
HPRegen 0.92/turn               C - +6 ring of intelligence
MPRegen 0.16/turn               j - +6 ring of intelligence

@: very quick
A: very small, no large weapons, unfitting armour, see invisible, speed 3
a: Renounce Religion, Channel Magic


You were on level 6 of the Dungeon.
You worshipped Sif Muna.
Sif Muna was pleased with you.
You visited 2 branches of the dungeon, and saw 7 of its levels.
You also visited: Sewer and Ossuary.

You collected 406 gold pieces.

Inventory:

Hand Weapons
 a - a +1 dagger (weapon)
 l - a +1 vorpal hunting sling
 t - a +0 dagger of venom
Armour
 b - a +0 robe (worn)
 o - a +0 buckler (worn)
 q - a +0 cloak (worn)
Jewellery
 f - a ring of protection from fire
 i - an amulet of regeneration (around neck)
 j - a +6 ring of intelligence (right hand)
 C - a +6 ring of intelligence (left hand)
Scrolls
 d - a scroll of enchant weapon {unknown}
 h - 2 scrolls of enchant armour {unknown}
 k - 2 scrolls of magic mapping {unknown}
 m - a scroll of acquirement {unknown}
 s - a scroll of summoning {unknown}
 v - a scroll of fog {unknown}
 w - 3 scrolls of teleportation {unknown}
 y - a scroll of blinking
 B - a scroll of vulnerability {unknown}
 D - 2 scrolls of identify
Potions
 c - 3 potions of invisibility
 e - 2 potions of flight
 g - 3 potions of curing
 n - 3 potions of mutation
 p - 2 potions of haste
 r - a potion of heal wounds
 u - a potion of lignification
 x - a potion of might {unknown}
 z - a potion of resistance {unknown}
 A - 3 potions of brilliance
 E - a potion of ambrosia {unknown}
 F - 2 potions of degeneration {unknown}


   Skills:
 + Level 4.3 Short Blades
 + Level 4.5 Slings
 + Level 5.6 Dodging
 - Level 8.0 Stealth
 + Level 6.7 Spellcasting
 + Level 1.1 Conjurations
 + Level 6.3 Hexes
 + Level 2.2 Evocations


You had 17 spell levels left.
You knew the following spells:

 Your Spells              Type           Power      Damage    Failure   Level
a - Ensorcelled Hibernat  Hex/Ice        56%        N/A       4%          2
b - Magic Dart            Conj           64%        1d6       7%          1

Your spell library contained the following spells:

 Spells                   Type           Power      Damage    Failure   Level
 Confusing Touch          Hex            46%        N/A       2%          3
 Tukima's Dance           Hex            46%        N/A       2%          3
 Dazzling Flash           Conj/Hex       62%        N/A       8%          3
 Call Imp                 Summ           9%         N/A       17%         2
 Mephitic Cloud           Conj/Pois/Air  12%        N/A       30%         3
 Anguish                  Hex/Necr       14%        N/A       30%         4
 Spider Form              Tmut/Pois      9%         N/A       34%         3


Dungeon Overview and Level Annotations

Branches:
Dungeon (6/15)             Temple (1/1) D:4           Sewer (visited)
Ossuary (visited)

Altars:
Ashenzari
Cheibriados
Dithmenos
Elyvilon
Fedhas
Gozag
Hepliaklqana
Kikubaaqudgha
Makhleb
Okawaru
Ru
Sif Muna
Trog
Uskayaw
Vehumet
Yredelemnul
Zin
The Shining One


Innate Abilities, Weirdness & Mutations

You are very small and have problems with some larger weapons.
You are too small for most types of armour.
You have supernaturally acute eyesight. (SInv)
You cover ground extremely quickly. (Speed+++)


Message History

The orc priest closely misses you.
You hit the orc priest but do no damage.
The orc priest is lightly wounded.
The orc priest closely misses you.
You closely miss the orc priest.
The orc priest is lightly wounded.
You barely miss the orc wizard. The orc misses you.
The orc priest hits you with a +0 flail!
You hit the orc wizard.
The orc wizard is moderately wounded.
The orc closely misses you. The orc wizard barely misses you.
You block the orc priest's attack.
You hit the orc wizard.
The orc wizard is heavily wounded.
The orc hits you with a +0 hand axe. The orc wizard barely misses you.
The orc priest closely misses you.
You hit the orc wizard.
The orc wizard is severely wounded.
The orc closely misses you. The orc wizard misses you.
The orc priest closely misses you.
You closely miss the orc wizard.
The orc wizard is severely wounded.
The orc barely misses you.
The orc wizard hits you with a +0 dagger.
The orc priest closely misses you.
You barely miss the orc wizard.
The orc wizard is severely wounded.
You block the orc's attack.
The orc wizard hits you with a +0 dagger.
The orc priest misses you.
You hit the orc wizard.
The orc wizard is severely wounded.
You completely miss the orc wizard.
The orc wizard is severely wounded.
You block the orc's attack. The orc wizard closely misses you.
The orc priest invokes the aid of Beogh against you.
Beogh smites you!
The orc priest calls down the wrath of Beogh upon you.
Beogh smites you!
You die...

#.........# ###........>#
............# ...###......#
.....# ...#.#......#
........## .###.###....#
........#### .#.....#....#
...........
.###.###....#######..........
...#.#......##..@o#..o.......
...#'#......)..##o#..........
...........#.####o...........
#####†.....#.# ##o.......o..
#####.)[...#..#....#...#.#...
....#...)#..#..............
.........##.#.......######..
.........##.#......##
#.##...............#


You could see an orc priest, an orc wizard and 2 orcs.

Vanquished Creatures
  A water moccasin (D:6)
  A phantom (D:5)
  3 elf zombies (Ossuary)
  2 bullfrogs (Sewer)
  2 scorpions
  5 centaur zombies (Ossuary)
  2 hounds (D:5)
  3 human zombies (Ossuary)
  A jelly (D:5)
  2 orc priests
  2 iguanas
  3 orc wizards
  Natasha (thrice) (D:4)
  3 mummies (Ossuary)
  19 adders
  3 adder zombies (Ossuary)
  2 worms (D:2)
  6 dart slugs
  14 orcs
  6 ball pythons
  3 bats (D:3)
  5 endoplasms
  15 giant cockroaches
  A gnoll zombie (Ossuary)
  6 goblins
  2 hobgoblins
  8 quokkas
  7 frilled lizards
  2 goblin zombies (Ossuary)
  4 hobgoblin zombies (Ossuary)
  3 jackal zombies (Ossuary)
  6 kobolds
  6 kobold zombies (Ossuary)
  2 quokka zombies (Ossuary)
  3 rats
  3 rat zombies (Ossuary)
159 creatures vanquished.

Vanquished Creatures (others)
  A fungus (D:1)
  4 toadstools (D:1)
5 creatures vanquished.

Grand Total: 164 creatures vanquished

Notes
Turn   | Place    | Note
-------+----------+-------------------------------------------
     0 | D:1      | hquester the Spriggan Enchanter began the quest for the
                  | Orb.
     0 | D:1      | Reached XP level 1. HP: 9/9 MP: 5/5
   770 | D:1      | Reached XP level 2. HP: 13/13 MP: 6/6
  1073 | D:2      | Learned a level 2 spell: Ensorcelled Hibernation
  1191 | D:2      | Reached XP level 3. HP: 16/16 MP: 9/9
  1347 | D:2      | Found a faded altar of an unknown god.
  1383 | D:2      | Reached skill level 1 in Slings
  1464 | D:2      | Reached skill level 5 in Stealth
  1464 | D:2      | Reached XP level 4. HP: 21/21 MP: 5/10
  2106 | D:3      | Noticed a scorpion
  2112 | D:3      | Killed a scorpion
  2224 | D:3      | Reached XP level 5. HP: 24/24 MP: 8/11
  2508 | D:3      | Reached skill level 6 in Stealth
  3345 | D:4      | Reached XP level 6. HP: 28/28 MP: 6/13
  3379 | D:4      | Reached skill level 5 in Hexes
  3635 | D:4      | Found a staircase to the Ecumenical Temple.
  3640 | D:4      | Noticed Natasha
  3695 | D:4      | Killed Natasha
  3753 | D:4      | Noticed Natasha
  3799 | Temple   | Entered the Ecumenical Temple
  3907 | Temple   | Became a worshipper of Sif Muna the Loreminder
  4059 | D:4      | Found a glowing golden altar of the Shining One.
  4158 | D:4      | Killed Natasha
  4273 | D:4      | Noticed Natasha
  4279 | D:4      | Killed Natasha
  4282 | D:5      | Entered Level 5 of the Dungeon
  4423 | D:5      | Found a glowing drain.
  4467 | Sewer    | Entered a sewer
  4468 | Sewer    | Upgraded the game from 0.29-a0-397-g846e4a0bbc to
                  | 0.29-a0-398-ge13fd1374b
  4554 | Sewer    | Reached skill level 5 in Spellcasting
  4663 | Sewer    | Reached * piety under Sif Muna
  4869 | Sewer    | Reached XP level 7. HP: 32/32 MP: 15/15
  5077 | Sewer    | Reached skill level 7 in Stealth
  5198 | D:5      | Found a basalt altar of Yredelemnul.
  5348 | D:5      | Noticed a vampire
  5944 | D:5      | Learned a level 1 spell: Magic Dart
  6226 | D:6      | Reached XP level 8. HP: 36/36 MP: 3/18
  6232 | D:6      | Reached skill level 5 in Dodging
  6249 | D:6      | Found a sand-covered staircase.
  6502 | Ossuary  | Entered an ossuary
  6578 | Ossuary  | Reached ** piety under Sif Muna
  6756 | Ossuary  | Reached skill level 1 in Evocations
  7128 | Ossuary  | Reached skill level 8 in Stealth
  7181 | Ossuary  | Reached skill level 1 in Conjurations
  7497 | D:6      | Killed from afar by an orc priest

Illustrated notes

Levels and vault maps discovered:
D:1:      ncdulo_watergridlock, layout_basic, serial_park_tiny_pond,
          st_stairs_14, minmay_gold_behind_fungi, chequers_serial_rivers_micro_b
D:2:      layout_loops_corners, ebering_ecumenical_altar_box
D:3:      layout_loops_corners, serial_park_tiny_2
D:4:      layout_rooms, lemuel_doored_altar, minmay_temple_entry_proselytizer,
          nicolae_underground_beach, uniq_natasha
D:5:      layout_rooms, old_standard_altar, gup_sewer_entry_pipe, dk_vineyard_1
D:6:      layout_rooms, jmf_multi_god_temple2, nicolae_ossuary_entry_plus,
          uniq_crazy_yiuf_cottage
Temple:   nicolae_temple_elliptical

Skill      XL: |  1  2  3  4  5  6  7  8 |
---------------+-------------------------+-----
Hexes          | 4 5 6 |  6.3
Spellcasting   | 3 4 5 6 |  6.7
Slings         | 1 2 3 4 |  4.5
Stealth        | 5 6 7 8 |  8.0
Dodging        | 3 4 5 |  5.6
Short Blades   | 2 3 4 |  4.3
Evocations     | 2 |  2.2
Conjurations   | 1 |  1.1

Action                   |  1- 3 |  4- 6 |  7- 9 || total
-------------------------+-------+-------+-------++-------
Melee: Dagger            |    31 |   245 |   467 ||   743
       Punch             |     1 |       |       ||     1
       Hunting sling     |       |       |     1 ||     1
 Fire: Hunting sling     |    16 |    42 |   130 ||   188
 Cast: Ensorcelled Hiber |     8 |    65 |     5 ||    78
       Magic Dart        |       |       |    42 ||    42
  Use: Scroll            |       |       |    10 ||    10
 Stab: Sleeping          |    10 |    38 |    17 ||    65
Armor: Robe              |     3 |    32 |    48 ||    83
Dodge: Dodged            |    10 |   163 |   303 ||   476
Block: Buckler           |     1 |    52 |    93 ||   146

Table legend: (Time is in decaauts)
 A = Elapsed time spent in this place.
 B = Non-inter-level travel time spent in this place.
 C = Inter-level travel time spent in this place.
 D = Time resting spent in this place.
 E = Time spent auto-exploring this place.
 F = Levels seen in this place.
 G = Mean time per level.
                   A        B        C        D        E       F      G
               +--------+--------+--------+--------+--------+-----+--------+
         Total |   5516 |   5516 |      0 |     36 |   2214 |   9 |  612.9 |
       Dungeon |   4171 |   4171 |      0 |     36 |   2107 |   6 |  695.2 |
        Temple |    144 |    144 |      0 |      0 |    107 |   1 |  144.0 |
         Sewer |    535 |    535 |      0 |      0 |      0 |   1 |  535.0 |
       Ossuary |    664 |    664 |      0 |      0 |      0 |   1 |  664.0 |
               +--------+--------+--------+--------+--------+-----+--------+

Top non-repeatable levels by time:
     D:5: 901 daAuts
     D:1: 751 daAuts
     D:3: 739 daAuts
     D:4: 737 daAuts
     D:2: 715 daAuts
 Ossuary: 664 daAuts
   Sewer: 535 daAuts
     D:6: 326 daAuts
  Temple: 144 daAuts
